 Dungeon Crawl Stone Soup version 0.19.1 (webtiles) character file.

8321 Herem the Cleaver (level 11, -7/99 HPs)
             Began as a Deep Dwarf Fighter on Dec 11, 2016.
             Was a Believer of Makhleb.
             Mangled by Snorg (13 damage)
             ... on level 11 of the Dungeon.
             The game lasted 01:25:56 (8587 turns).

Herem the Cleaver (Deep Dwarf Fighter)              Turns: 8587, Time: 01:25:57

Health: -7/99      AC: 20    Str: 21    XL:     11   Next: 8%
Magic:  0/0        EV:  7    Int: 11    God:    Makhleb [**....]
Gold:   724        SH: 10    Dex: 12    Spells: 1 memorised, 14 levels left

rFire  . . .     SeeInvis .     a - +1 war axe
rCold  . . .     Gourm    .     r - +3 chain mail {rN+}
rNeg   + . .     Faith    .     c - +0 shield
rPois  +         Spirit   .     w - +0 helmet
rElec  .         Reflect  .     y - +2 cloak
rCorr  .         Harm     .     I - +0 pair of gloves
MR     +....                    q - +0 pair of boots
Stlth  ..........               (no amulet)
                                (no ring)
                                O - ring of poison resistance

@: non-regenerating
A: damage resistance, recharge devices, sense surroundings 2, slow regeneration
3
a: Device Recharging, Minor Destruction, Renounce Religion


You were on level 11 of the Dungeon.
You worshipped Makhleb.
Makhleb was pleased with you.
You were not hungry.

You visited 2 branches of the dungeon, and saw 12 of its levels.
You also visited: Ossuary.

You collected 724 gold pieces.

Inventory:

Hand Weapons
 a - a +1 war axe (weapon)
 b - a +2 short sword of holy wrath
 j - a +0 hunting sling
 l - a +2 mace of draining
 N - a +2 hand crossbow of flaming
Missiles
 g - 93 sling bullets (quivered)
Armour
 c - a +0 shield (worn)
 q - a +0 pair of boots (worn)
 r - a +3 chain mail of positive energy (worn)
 w - a +0 helmet (worn)
 y - a +2 cloak (worn)
 I - a +0 pair of gloves (worn)
Jewellery
 O - a ring of poison resistance (left hand)
Wands
 e - a wand of heal wounds (0/9)
 F - a wand of hasting (4/9)
 G - a wand of lightning (10/15)
 J - a wand of confusion (34/48)
 K - a wand of lightning (9/15)
 L - a wand of polymorph (7/24)
Scrolls
 h - a scroll of recharging
 k - 2 scrolls of enchant armour
 n - 5 scrolls of remove curse
 o - 4 scrolls of fog
 p - 3 scrolls of magic mapping
 s - 3 scrolls of fear
 u - 6 scrolls of teleportation
 v - a scroll of enchant weapon
 A - 5 scrolls of identify
 M - a scroll of noise {unknown}
Potions
 d - 2 potions of might
 m - 2 potions of heal wounds
 z - 6 potions of curing
 B - 2 potions of cure mutation
 C - a potion of flight
 D - a potion of cancellation
 E - a potion of resistance
Books
 x - a book of Necromancy

   Spells                             Type                      Level
   a - Pain                           Necromancy                   1
   b - Animate Skeleton               Necromancy                   1
   c - Vampiric Draining              Necromancy                   3
   d - Regeneration                   Charms/Necromancy            3
   e - Animate Dead                   Necromancy                   4
   f - Control Undead                 Necromancy                   4
Comestibles
 f - 4 bread rations
 i - 6 meat rations
 t - 9 beef jerkies
 H - 7 royal jellies


   Skills:
 * Level 6.8 Fighting
 * Level 12.3 Axes
 + Level 6.6 Armour
 - Level 2.0 Dodging
 + Level 6.5 Shields
 - Level 3.5 Spellcasting
 - Level 4.1 Necromancy
 - Level 6.4 Evocations


You had 14 spell levels left.
You knew the following spells:

 Your Spells              Type           Power        Failure   Level  Hunger
a - Vampiric Draining     Necr           ##........   100%        3    ###....


Dungeon Overview and Level Annotations

Branches:
Dungeon (11/15)            Temple (1/1) D:7            Lair (0/6) D:8
    Orc: D:9-12

Altars:
Ashenzari
Cheibriados
Dithmenos
Elyvilon
Fedhas
Gozag
Hepliaklqana
Kikubaaqudgha
Makhleb
Nemelex Xobeh
Okawaru
Qazlal
Ru
Sif Muna
Trog
Uskayaw
Vehumet
Xom
Yredelemnul
Zin
The Shining One

Shops:
D:11 }?

Annotations:
D:11 Snorg


Innate Abilities, Weirdness & Mutations

You are resistant to damage.
You can recharge devices by infusing magical energy.
You passively map the area around you.
You do not regenerate.


Message History

Snorg is heavily wounded.
Snorg bites you!
* * * LOW HITPOINT WARNING * * *
Snorg claws you but does no damage. x2
You are too injured to fight recklessly!
You are too injured to fight recklessly!
Evoke which item? (* to show all) (? for menu, Esc to quit)
Zapping:
e - a wand of heal wounds (1/9)
Press: ? - help, Shift-Dir - straight line, f - you You feel much better.
This wand has 0 charges left.
Snorg bites you but does no damage. Snorg claws you! You block Snorg's attack.
Snorg bites you! You block Snorg's attack. Snorg claws you!
* * * LOW HITPOINT WARNING * * *
You are too injured to fight recklessly!
You are too injured to fight recklessly!
Snorg rages.
Snorg bites you!!
* * * LOW HITPOINT WARNING * * *
You block Snorg's attack. Snorg claws you!
You die...

,, ##..# * # , * * ##.#
#. * #.# , ##.#####+####
###'#### * ***
#...........#### #...<...
,
#...........'..###.......
, ,, *
#...>.......##...#..)....
, *
#...........####.'.......
, +....∩.T@...#
###....... , , *
#...........# ######## ,*
############# **


You could see Snorg (berserk).

Vanquished Creatures
  Nergalle (D:11)
  The ghost of Herem the Chopper, a novice DDFi of Makhleb (D:6)
  A hill giant (D:11)
  A centaur skeleton (D:10)
  2 kobold demonologists
  A queen bee (D:9)
  A hornet (D:8)
  A hippogriff (D:11)
  4 yaks (D:9)
  A wraith (D:11)
  2 orc warriors
  An ice beast (D:9)
  A sky beast (D:5)
  2 phantoms (D:4)
  A black bear (D:4)
  4 ogres
  A necrophage (D:10)
  2 centaurs
  12 big kobolds (D:10)
  4 bullfrogs
  2 scorpions
  13 killer bees (D:9)
  3 wights (D:9)
  3 howler monkeys (D:9)
  4 crimson imps
  A centaur zombie (D:8)
  3 hounds
  4 jellies
  Crazy Yiuf (D:7)
  4 orc priests
  10 orc wizards
  A bullfrog skeleton (D:9)
  3 iguanas
  6 worker ants
  2 hound zombies
  A hound skeleton (D:7)
  9 mummies
  2 howler monkey skeletons
  Robin (D:3)
  13 adders
  7 gnolls
  2 shadow imps
  An ooze (D:3)
  An adder skeleton (D:5)
  A worm (D:5)
  A dart slug (D:1)
  4 leopard geckos
  21 orcs
  A ball python (D:2)
  7 giant cockroaches
  18 goblins
  7 hobgoblins
  2 jackals (D:2)
  A quokka (D:2)
  3 bats
  4 frilled lizards
  2 hobgoblin zombies (Ossuary)
  2 jackal skeletons (D:4)
  10 kobolds
  2 kobold zombies (Ossuary)
  A leopard gecko skeleton (D:6)
  4 orc zombies (Ossuary)
  A quokka zombie (D:9)
  17 rats
250 creatures vanquished.

Notes
Turn   | Place    | Note
-------+----------+-------------------------------------------
     0 | D:1      | Herem the Deep Dwarf Fighter began the quest for the Orb.
     0 | D:1      | Reached XP level 1. HP: 20/20 MP: 1/1
     1 | D:1      | Noticed an electric eel
   264 | D:1      | Reached XP level 2. HP: 25/27 MP: 2/2
   539 | D:1      | Reached skill level 1 in Evocations
  1026 | D:2      | Reached XP level 3. HP: 34/34 MP: 2/2
  1257 | D:2      | Reached skill level 3 in Axes
  1298 | D:2      | Reached skill level 1 in Dodging
  1464 | D:2      | Reached XP level 4. HP: 34/42 MP: 3/3
  1633 | D:3      | Noticed Robin
  1648 | D:3      | Killed Robin
  2001 | D:3      | Found a hide-covered altar of Uskayaw.
  2241 | D:3      | Found a glowing golden altar of the Shining One.
  2285 | D:4      | Reached XP level 5. HP: 49/49 MP: 3/3
  2295 | D:4      | Reached skill level 4 in Axes
  2357 | D:4      | Reached XP level 6. HP: 45/56 MP: 5/5
  2459 | D:4      | Reached skill level 5 in Axes
  2570 | D:4      | Learned a level 3 spell: Vampiric Draining
  2587 | D:4      | Reached XP level 7. HP: 52/62 MP: 3/3
  2622 | D:4      | Found a glowing silver altar of Zin.
  2822 | D:4      | Reached skill level 6 in Axes
  2853 | D:4      | Got a pitted quarterstaff
  2860 | D:4      | Identified the +3 quarterstaff of Kitroc {crush, rElec rPois MR-} (You found it on level 4 of the Dungeon)
  2920 | D:4      | Reached skill level 1 in Necromancy
  3155 | D:5      | Entered Level 5 of the Dungeon
  3196 | D:5      | Reached skill level 1 in Spellcasting
  3201 | D:5      | Gained mutation: Scrolls take you a little longer to read. [mutagenic meat]
  3209 | D:5      | Found a shattered altar of Ashenzari.
  3270 | D:5      | Reached XP level 8. HP: 65/72 MP: 2/2
  3436 | D:5      | Reached skill level 7 in Axes
  3640 | D:5      | Found a sand-covered staircase.
  3651 | Ossuary  | Entered an ossuary
  4119 | D:6      | Lost mutation: Scrolls take you a little longer to read. [potion of cure mutation]
  4304 | D:6      | Noticed Herem's ghost (novice DDFi)
  4352 | D:6      | Killed Herem's ghost
  4352 | D:6      | Reached skill level 8 in Axes
  4352 | D:6      | Reached skill level 5 in Armour
  4352 | D:6      | Reached skill level 5 in Shields
  4352 | D:6      | Reached skill level 5 in Evocations
  5063 | D:7      | Gained mutation: You passively map the area around you. [Deep Dwarf growth]
  5063 | D:7      | Reached XP level 9. HP: 74/79 MP: 1/1
  5134 | D:7      | Found a staircase to the Ecumenical Temple.
  5184 | Temple   | Entered the Ecumenical Temple
  5279 | Temple   | Became a worshipper of Makhleb the Destroyer
  5757 | D:7      | Found a runed door.
  6145 | D:7      | Noticed Crazy Yiuf
  6150 | D:7      | Killed Crazy Yiuf
  6310 | D:8      | Reached skill level 9 in Axes
  6312 | D:8      | Found a staircase to the Lair.
  6565 | D:8      | Paralysed by a hornet for 1 turns
  6574 | D:8      | Reached skill level 5 in Fighting
  6579 | D:8      | Paralysed by a hornet for 1 turns
  6716 | D:8      | Reached * piety under Makhleb
  6898 | D:9      | Reached skill level 10 in Axes
  6992 | D:9      | Reached XP level 10. HP: 39/90 MP: 0/2
  7412 | D:9      | Reached ** piety under Makhleb
  7609 | D:10     | Entered Level 10 of the Dungeon
  7801 | D:10     | Reached skill level 11 in Axes
  8318 | D:11     | Noticed Nergalle
  8329 | D:11     | Noticed a spectral orc warlord
  8341 | D:11     | Killed Nergalle
  8341 | D:11     | Reached skill level 12 in Axes
  8481 | D:11     | Noticed a hill giant
  8493 | D:11     | Killed a hill giant
  8493 | D:11     | Reached XP level 11. HP: 55/99 MP: 2/2
  8505 | D:11     | Found Dogoahux's Magic Scroll Shoppe.
  8558 | D:11     | Found Wyczowao's Gadget Shop.
  8561 | D:11     | Noticed Snorg
  8574 | D:11     | HP: 2/99 [Snorg (11)]
  8587 | D:11     | Mangled by Snorg

Skill      XL: |  1  2  3  4  5  6  7  8  9 10 |
---------------+-------------------------------+-----
Evocations     | 1 2 3 4 5 6 |  6.4
Fighting       | 3 4 5 6 |  6.8
Axes           | 3 4 5 6 8 10 12 | 12.3
Dodging        | 1 2 |  2.0
Armour         | 4 5 6 |  6.6
Shields        | 4 5 6 |  6.5
Necromancy     | 1 3 4 |  4.1
Spellcasting   | 1 2 3 |  3.5

Action                   |  1- 3 |  4- 6 |  7- 9 | 10-12 || total
-------------------------+-------+-------+-------+-------++-------
Melee: War axe           |   145 |   183 |   543 |   275 ||  1146
 Fire: Hunting sling     |       |     2 |       |       ||     2
 Abil: Device Recharging |     2 |     4 |     7 |     3 ||    16
       Evoke Berserk Rag |       |       |     1 |       ||     1
Evoke: Wand              |     2 |    13 |    25 |    10 ||    50
  Use: Potion            |     4 |       |     4 |     3 ||    11
       Scroll            |     1 |     2 |    15 |     1 ||    19
  Eat: Chunk             |     2 |     4 |     6 |       ||    12
       Pizza             |       |       |     3 |     1 ||     4
       Fruit             |       |       |     3 |       ||     3
       Meat ration       |       |       |     1 |       ||     1
       Bread ration      |       |       |       |     1 ||     1
Armor: Scale mail        |    54 |   104 |    14 |       ||   172
       Chain mail        |       |       |   320 |   276 ||   596
Dodge: Dodged            |    31 |    64 |   137 |   114 ||   346
Block: Shield            |    80 |   125 |   296 |   229 ||   730
